 Dungeon Crawl Stone Soup version 0.21.1-1-g345015f (webtiles) character file.

80 glosham the Skirmisher (level 4, -2/30 HPs)
             Began as a Kobold Artificer on May 12, 2018.
             Slain by a gnoll (5 damage)
             ... on level 4 of the Dungeon.
             The game lasted 00:06:33 (332 turns).

glosham the Skirmisher (Kobold Artificer)            Turns: 332, Time: 00:06:34

Health: -2/30      AC:  3    Str: 10    XL:     4   Next: 65%
Magic:  6/6        EV: 14    Int: 12    God:
Gold:   50         SH:  0    Dex: 15    Spells: 3/3 levels left

rFire    . . .     SeeInvis .   b - +0 war axe
rCold    . . .     Gourm    .   (shield restricted)
rNeg     . . .     Faith    .   k - +0 leather armour
rPois    .         Spirit   .   (no helmet)
rElec    .         Reflect  .   (no cloak)
rCorr    .         Harm     .   (no gloves)
MR       .....                  (no boots)
Stlth    ++........             (no amulet)
HPRegen  0.10/turn              (no ring)
MPRegen  0.10/turn              (no ring)

@: no status effects
A: small, carnivore
a: no special abilities


You were on level 4 of the Dungeon.
You were not hungry.

You visited 1 branch of the dungeon, and saw 4 of its levels.

You collected 50 gold pieces.

Inventory:

Hand Weapons
 a - a +0 short sword
 b - a +0 war axe (weapon)
Missiles
 j - 47 sling bullets
 l - 30 stones (quivered)
Armour
 k - a +0 leather armour (worn)
Wands
 c - a wand of flame (12)
 d - a wand of enslavement (8)
 e - a wand of random effects (13)
Scrolls
 h - 3 scrolls of identify {unknown}
 i - 3 scrolls of remove curse {unknown}
 m - a scroll of enchant armour {unknown}
Potions
 g - a potion of lignification {unknown}
Comestibles
 f - a ration


   Skills:
 * Level 4.5 Fighting
 - Level 1.3 Short Blades
 - Level 2.4 Dodging
 - Level 1.3 Stealth
 - Level 3.6 Evocations


You had 3 spell levels left.
You didn't know any spells.

Dungeon Overview and Level Annotations

Branches:
Dungeon (4/15)
 Temple: D:4-7

Altars:
Yredelemnul


Innate Abilities, Weirdness & Mutations

You are small and have problems with some larger weapons.
You are carnivorous and can eat meat at any time.


Message History

2 gnolls, an orc and an orc wizard come into view.
The orc shouts!
The gnoll shouts!
You hear a shout! x2
Found a ration and a robe.
A gnoll and an orc wizard come into view.
You hear a shout!
Things that are here:
a dagger; a chain mail
There is an open door here.
Things that are here:
a dagger; a robe You barely miss the orc.
The orc hits you with a short sword. The orc closely misses you.
You barely miss the orc. The orc hits you but does no damage.
You hit the orc.
The orc is heavily wounded.
The orc closely misses you. The orc hits you but does no damage.
You slash the orc!
You kill the orc!
You closely miss the gnoll. The gnoll misses you.
The gnoll hits you but does no damage.
Evoke which item? (* to show all) (? for menu, Esc to quit)
Aiming: Enslavement
Press: ? - help, Shift-Dir - straight line, f - gnoll
Aim: a gnoll (chance to defeat MR: 65%)
The gnoll struggles to resist.
The gnoll hits you but does no damage. The gnoll hits you.
* * * LOW HITPOINT WARNING * * *
Evoke which item? (* to show all) (? for menu, Esc to quit)
Aiming: Enslavement
Press: ? - help, Shift-Dir - straight line, f/p - gnoll
Aim: a gnoll (chance to defeat MR: 65%)
The gnoll struggles to resist.
The gnoll barely misses you. The gnoll hits you.
* * * LOW HITPOINT WARNING * * *
You see here a worker ant corpse.
Evoke which item? (* to show all) (? for menu, Esc to quit)
Aiming: Enslavement
Press: ? - help, Shift-Dir - straight line, f - gnoll, p - gnoll
Aim: a gnoll, wielding a spear (chance to defeat MR: 65%)
The gnoll is charmed.
The gnoll hits you.
You die...

......).....o..
...............
...........%...
#.# #)#
####g#####
#...†....#
#...÷.g<.#
#.....@..#
#........#
#........#
#........#
#..?.....#
#?...P.P.#
###..._..#
#..P.P.#


You could see a gnoll and a friendly gnoll.

Vanquished Creatures
  2 orc wizards (D:4)
  An adder (D:3)
  2 orcs (D:4)
  A bat (D:2)
  2 goblins
  A hobgoblin (D:1)
  3 kobolds
  2 frilled lizards
14 creatures vanquished.

Vanquished Creatures (collateral kills)
  A worm (D:3)
1 creature vanquished.

Vanquished Creatures (others)
  A worker ant (D:4)
  A hound skeleton (D:4)
2 creatures vanquished.

Grand Total: 17 creatures vanquished

Notes
Turn   | Place    | Note
-------+----------+-------------------------------------------
     0 | D:1      | glosham the Kobold Artificer began the quest for the Orb.
     0 | D:1      | Reached XP level 1. HP: 12/12 MP: 3/3
   122 | D:2      | Reached skill level 2 in Fighting
   134 | D:1      | Reached XP level 2. HP: 9/17 MP: 4/4
   269 | D:3      | Reached skill level 3 in Fighting
   269 | D:3      | Reached XP level 3. HP: 15/23 MP: 5/5
   285 | D:4      | Found a basalt altar of Yredelemnul.
   308 | D:4      | Reached skill level 4 in Fighting
   308 | D:4      | Reached XP level 4. HP: 10/29 MP: 6/6
   328 | D:4      | HP: 2/30 [gnoll (5)]
   332 | D:4      | Slain by a gnoll

Skill      XL: |  1  2  3 |
---------------+----------+-----
Fighting       | 2 3 4 |  4.5
Short Blades   | |  1.3
Dodging        | |  2.4
Stealth        | |  1.3
Evocations     | |  3.6

Action                   |  1- 3 |  4- 6 || total
-------------------------+-------+-------++-------
Melee: Short sword       |    33 |       ||    33
       War axe           |       |     5 ||     5
Evoke: Wand              |     7 |     5 ||    12
 Stab: Sleeping          |     1 |       ||     1
  Eat: Chunk             |       |     1 ||     1
Armor: Leather armour    |     7 |     3 ||    10
Dodge: Dodged            |    14 |     4 ||    18

Table legend:
 A = Turns spent in this place as a percentage of turns spent in the entire game.
 B = Non-inter-level travel turns spent in this place as a percentage of non-inter-level travel turns spent in the entire game.
 C = Inter-level travel turns spent in this place as a percentage of turns spent in this place.
 D = Turns resting spent in this place as a percentage of non-inter-level travel turns spent in this place.
 E = Turns spent auto-exploring this place as a percentage of non-inter-level travel turns spent in this place.
 F = Non-inter-level travel turns spent in this place divided by the number of levels of this place that you've seen.
                   A       B       C       D       E      F
               +-------+-------+-------+-------+-------+----------------------
         Total | 100.0 | 100.0 |   0.0 |   0.0 |   0.0 |  83.0
       Dungeon | 100.0 | 100.0 |   0.0 |   0.0 |   0.0 |  83.0
               +-------+-------+-------+-------+-------+----------------------

Table legend:
 A = Kills in this place as a percentage of kills in entire the game.
 B = Kills by you in this place as a percentage of kills by you in the entire game.
 C = Kills by friends in this place as a percentage of kills by friends in the entire game.
 D = Other kills in this place as a percentage of other kills in the entire game.
 E = Experience gained in this place as a percentage of experience gained in the entire game.
 F = Experience gained in this place divided by the number of levels of this place that you have seen.
                   A       B       C       D       E      F
               +-------+-------+-------+-------+-------+----------------------
         Total | 100.0 | 100.0 | 100.0 | 100.0 | 100.0 |  28.8
       Dungeon | 100.0 | 100.0 | 100.0 | 100.0 | 100.0 |  28.8
               +-------+-------+-------+-------+-------+----------------------

Vault maps used:
D:1:      lemuel_arrival_muddy
D:2:      lemuel_crystal_altar
D:3:      nicolae_overflow_hidden_temple
D:4:      nicolae_overflow_crystal_walls, minmay_temple_entry_butterflies,
          serial_shops, nicolae_shop_overgrown_old_shop, first_ration,
          minmay_misc_feat_roman, yredelemnul_altar_generic
